 Dungeon Crawl Stone Soup version 0.16.1-51-g6203257 (webtiles) character file.

16502 Timinator the Bewitcher (level 12, 0/74 HPs)
             Began as a Vampire Enchanter on July 27, 2015.
             Was a Priest of Dithmenos.
             Hit by a large rock thrown by a cyclops (39 damage)
             ... on level 12 of the Dungeon on July 28, 2015.
             The game lasted 01:06:30 (12730 turns).

Timinator the Bewitcher (Vampire Enchanter)        Turns: 12730, Time: 01:06:31

Health: 0/74       AC:  6    Str: 11    XL:     12   Next: 10%
Magic:  31/34      EV: 19    Int: 22    God:    Dithmenos [***...]
Gold:   144        SH:  0    Dex: 14    Spells: 3 memorised, 17 levels left

rFire  . . .     SeeInvis +     s - +0 dagger (venom)
rCold  . . .     Clarity  .     (no armour)
rNeg   + + .     SustAb   .     (no shield)
rPois  +         Gourm    .     (no helmet)
rElec  .         Spirit   .     m - +0 cloak
rCorr  +         Warding  .     o - +0 pair of gloves
rMut   .         Stasis   .     H - +0 pair of boots {Fly}
MR     +....                    P - amulet "Wakalum" {rCorr rN++}
Stlth  +++++++...               F - ring of Groun {rPois AC+3}
                                h - ring of magical power

@: brilliant, flying, regenerating quickly, wreathed by umbra, somewhat
resistant to hostile enchantments, extremely stealthy
A: bottle blood, fangs 3, see invisible, unbreathing, placid magic 1
a: Shadow Step, Renounce Religion, Stop Flying


You were on level 12 of the Dungeon.
You worshipped Dithmenos.
Dithmenos was most pleased with you.
You were full.

You visited 2 branches of the dungeon, and saw 13 of its levels.
You also visited: Ice Cave.

You collected 534 gold pieces.
You spent 390 gold pieces at shops.

Inventory:

Hand weapons
 s - a +0 dagger of venom (weapon)
Armour
 b - a +1 robe
 m - a +0 cloak (worn)
 o - a +0 pair of gloves (worn)
 H - a +0 pair of boots of flying (worn)
 J - a +4 ring mail
 L - a troll hide
Magical staves
 N - an uncursed staff of conjuration
Jewellery
 h - a ring of magical power (left hand)
 r - an uncursed ring of protection from cold
 y - an uncursed ring of ice
 F - the ring of Groun (right hand) {rPois AC+3}
   (You found it on level 7 of the Dungeon)

   [ring of protection]

   It affects your AC (+3).
   It protects you from poison.
 K - an uncursed ring of invisibility
 P - the amulet "Wakalum" (around neck) {rCorr rN++}
   (You found it in an ice cave)

   [amulet of resist corrosion]

   It protects you from acid and corrosion.
   It greatly protects you from negative energy.
Magical devices
 l - a wand of cold (0)
 u - a wand of cold (0)
 z - a wand of draining (0)
 C - a wand of cold (0)
 Q - a wand of enslavement (9)
Scrolls
 g - 7 scrolls of teleportation
 i - 5 scrolls of enchant weapon
 j - a scroll of identify
 k - 2 scrolls of remove curse
 p - 2 scrolls of blinking
 E - 3 scrolls of random uselessness
Potions
 a - 3 potions of haste {unknown}
 d - 2 potions of ambrosia {unknown}
 e - a potion of lignification {unknown}
 f - 5 potions of curing
 n - 4 potions of brilliance
 q - 4 potions of heal wounds
 v - a potion of restore abilities {unknown}
 A - 2 potions of agility {unknown}
 B - a potion of poison {unknown}
 D - a potion of cure mutation {unknown}
 G - a potion of cancellation {unknown}
 M - 2 potions of resistance {unknown}
 O - a potion of magic {unknown}
Books
 c - a book of Maledictions

   Spells                             Type                      Level
   a - Corona                         Hexes                        1
   b - Sure Blade                     Hexes/Charms                 2
   c - Ensorcelled Hibernation        Hexes/Ice                    2
   d - Confuse                        Hexes                        3
   e - Dazzling Spray                 Conjuration/Hexes            3
   f - Enslavement                    Hexes                        4
 t - a book of Spatial Translocations

   Spells                             Type                      Level
   a - Apportation                    Translocation                1
   b - Blink                          Translocation                2
   c - Shroud of Golubria             Charms/Translocation         2
   d - Portal Projectile              Translocation                3
   e - Teleport Other                 Translocation                3
   f - Passage of Golubria            Translocation                4
 w - a book of Cantrips

   Spells                             Type                      Level
   a - Corona                         Hexes                        1
   b - Animate Skeleton               Necromancy                   1
   c - Summon Small Mammal            Summoning                    1
   d - Apportation                    Translocation                1
 x - a book of the Tempests

   Spells                             Type                      Level
   a - Static Discharge               Conjuration/Air              3
   b - Lightning Bolt                 Conjuration/Air              5
   c - Fireball                       Conjuration/Fire             5
   d - Tornado                        Air                          9
   e - Shatter                        Earth                        9
 I - a Necronomicon {highlevel, unknown}

   This book is beyond your current level of understanding.

   Spells                             Type                      Level
   a - Haunt                          Necromancy/Summoning         7
   b - Borgnjor's Revivification      Necromancy                   8
   c - Death's Door                   Charms/Necromancy            8
   d - Necromutation                  Transmutation/Necromancy     8
Miscellaneous
 R - a lantern of shadows


   Skills:
 - Level 10.1 Short Blades
 - Level 12.2 Dodging
 - Level 10.3 Stealth
 - Level 6.0 Spellcasting
 * Level 15.0 Hexes


You had 17 spell levels left.
You knew the following spells:

 Your Spells              Type           Power        Failure   Level  Hunger
a - Corona                Hex            ######.      0%          1    None
b - Ensorcelled Hibernat  Hex/Ice        #####.       1%          2    None
c - Confuse               Hex            ######..     0%          3    #......


Dungeon Overview and Level Annotations

Branches:
Dungeon (12/15)            Temple (1/1) D:7            Lair (0/8) D:11
    Orc (0/4) D:12

Altars:
Ashenzari
Cheibriados
Dithmenos
Elyvilon
Fedhas
Gozag
Kikubaaqudgha
Makhleb
Nemelex Xobeh
Okawaru
Ru
Sif Muna
Trog
Vehumet
Xom
Yredelemnul
Zin
The Shining One

Shops:
D:9 *   D:11 =

Annotations:
D:10 4 runed doors


Innate Abilities, Weirdness & Mutations

Your natural rate of healing is unusually fast.
You can bottle blood from corpses.
You have razor-sharp teeth.
You have supernaturally acute eyesight.
You can survive without breathing.
Your spells are a little easier to cast, but a little less powerful.


Message History

The sky beast completely misses you.
You hit the sky beast but do no damage.
The sky beast is almost dead.
You closely miss the sky beast.
The sky beast is almost dead.
The sky beast misses you.
You hit the sky beast but do no damage.
The sky beast is poisoned.
The sky beast is almost dead.
You hit the sky beast.
You kill the sky beast!
Dithmenos accepts your kill.
Items here: ( ) †† an uncursed shortbow; 13 arrows; a sky beast corpse; a centaur corpse You see here 2 arrows.
You see here a hand crossbow.
A cyclops comes into view.
The cyclops shouts!
The cyclops throws a large rock.
The large rock hits you!!!
Ouch! That really hurt!
You die...

#.....#)#....#..#
#.....#.#c..#...
#.....#(#..#....
#.....#.###Y....
#..####)# .... #..#
#.########### ##### #..#
#...........# #.... #..#
##........C.# #.... #..#
#@.........###....
#..#####.............)...
#...................[....
#########################


You could see a cyclops.

Vanquished Creatures
  Fannar (D:10)
  A centaur warrior (D:10)
  A hill giant (D:12)
  3 trolls
  A merfolk (D:9)
  Sonja (D:10)
  14 polar bears
  2 slime creatures (D:12)
  A trapdoor spider (D:10)
  18 yaks
  8 wolves (IceCv)
  2 hippogriffs (D:7)
  A hungry ghost (D:9)
  2 water moccasins
  A soldier ant (D:10)
  10 ice beasts
  2 orc warriors
  2 black bears (D:9)
  2 phantoms
  3 sky beasts
  4 ogres
  5 centaurs
  4 giant frogs
  A wyvern skeleton (D:7)
  A gnoll sergeant (D:9)
  A scorpion (D:4)
  7 killer bees
  3 jellies (D:10)
  5 crimson imps
  A quasit (D:10)
  9 orc priests
  4 centaur zombies
  A giant frog zombie (D:6)
  A centaur skeleton (D:5)
  4 hounds
  12 orc wizards
  2 giant frog skeletons
  3 iguanas
  5 worker ants
  7 gnolls
  6 adders
  3 giant mites
  2 shadow imps
  A worm (D:3)
  An adder skeleton (D:7)
  An adder zombie (D:5)
  2 giant geckos
  3 oozes
  36 orcs
  3 ball pythons
  2 bat skeletons
  5 giant cockroaches
  10 goblins
  12 hobgoblins
  47 kobolds
  4 quokkas
  11 bats
  5 giant newts
  3 jackals (D:4)
  18 rats
  3 ballistomycetes
334 creatures vanquished.

Vanquished Creatures (collateral kills)
  A death yak (IceCv)
1 creature vanquished.

Vanquished Creatures (others)
  2 yaks (IceCv)
  A polar bear (IceCv)
  2 giant spores
5 creatures vanquished.

Grand Total: 340 creatures vanquished

Notes
Turn   | Place    | Note
--------------------------------------------------------------
     0 | D:1      | Timinator, the Vampire Enchanter, began the quest for the Orb.
     0 | D:1      | Reached XP level 1. HP: 13/13 MP: 3/3
    73 | D:1      | Reached skill level 5 in Stealth
   161 | D:1      | Reached XP level 2. HP: 17/19 MP: 4/4
   230 | D:1      | Reached skill level 6 in Stealth
   687 | D:1      | Reached XP level 3. HP: 21/24 MP: 6/6
   691 | D:1      | Learned a level 2 spell: Ensorcelled Hibernation
   695 | D:1      | Learned a level 3 spell: Confuse
  1266 | D:3      | Found a blossoming altar of Fedhas.
  1291 | D:3      | Reached skill level 7 in Stealth
  1803 | D:4      | Reached XP level 4. HP: 30/30 MP: 7/7
  1923 | D:4      | Noticed a scorpion
  1929 | D:4      | Killed a scorpion
  1929 | D:4      | Reached skill level 8 in Stealth
  2275 | D:4      | Noticed a big kobold
  2275 | D:4      | Noticed a big kobold
  2370 | D:4      | Reached XP level 5. HP: 15/35 MP: 9/9
  2578 | D:3      | Reached skill level 9 in Stealth
  2706 | D:3      | Noticed an ogre
  2826 | D:3      | Found a sacrificial altar of Ru.
  2826 | D:3      | Found an opulent altar of Gozag.
  2867 | D:3      | Killed an ogre
  2867 | D:3      | Reached skill level 10 in Stealth
  2867 | D:3      | Reached XP level 6. HP: 41/41 MP: 10/10
  3910 | D:4      | Reached skill level 5 in Hexes
  4473 | D:5      | Entered Level 5 of the Dungeon
  4487 | D:5      | Reached XP level 7. HP: 46/46 MP: 12/12
  4880 | D:5      | Found a sacrificial altar of Ru.
  5021 | D:5      | Reached skill level 10 in Hexes
  5421 | D:5      | Reached XP level 8. HP: 49/52 MP: 13/13
  5761 | D:6      | Reached skill level 5 in Short Blades
  5986 | D:6      | Found a snail-covered altar of Cheibriados.
  6253 | D:7      | Found a staircase to the Ecumenical Temple.
  6266 | D:7      | Got a clouded wooden ring
  6286 | D:7      | Identified the ring of Groun {rPois AC+3} (You found it on level 7 of the Dungeon)
  6291 | Temple   | Entered the Ecumenical Temple
  6594 | Temple   | Became a worshipper of Dithmenos the Shadowed
  6851 | D:7      | Reached XP level 9. HP: 46/57 MP: 14/14
  8115 | D:9      | Found Cluotukk's Assorted Antiques.
  8125 | D:9      | Reached skill level 10 in Short Blades
  8147 | D:9      | Bought a paperback book for 390 gold pieces
  8647 | D:9      | Reached skill level 5 in Spellcasting
  9104 | D:9      | Reached XP level 10. HP: 63/63 MP: 23/23
  9195 | D:10     | Entered Level 10 of the Dungeon
  9254 | D:10     | Found a large runed door.
  9258 | D:10     | Found a large runed door.
  9299 | D:10     | Reached skill level 5 in Dodging
  9363 | D:10     | Noticed a centaur warrior
  9382 | D:10     | Acquired Dithmenos' first power
  9540 | D:10     | Killed a centaur warrior
  9658 | D:10     | Noticed Fannar
  9908 | D:10     | Noticed Sonja
  9925 | D:10     | Killed Sonja
 10122 | D:10     | Killed Fannar
 10122 | D:10     | Reached skill level 10 in Dodging
 10272 | D:10     | Found a large runed door.
 10272 | D:10     | Found a large runed door.
 10305 | D:10     | Reached XP level 11. HP: 65/68 MP: 25/25
 10362 | D:11     | Found a staircase to the Lair.
 10428 | D:11     | Found Kagigung's Jewellery Shoppe.
 10571 | D:12     | Reached skill level 11 in Dodging
 10605 | D:12     | Noticed a hill giant
 10611 | D:12     | Killed a hill giant
 10614 | D:12     | Got an ichor-stained robe
 10625 | D:12     | Identified the -2 robe "Cruefeeg" {Contam rPois rCorr Str+3 Int+4} (You found it on level 12 of the Dungeon)
 10676 | D:12     | Gained mutation: Your spells are a little easier to cast, but a little less powerful. [mutagenic glow]
 10678 | D:12     | Found a staircase to the Orcish Mines.
 10710 | D:12     | Found a frozen archway.
 11175 | IceCv    | Entered an ice cave
 11184 | IceCv    | Reached skill level 12 in Dodging
 11330 | IceCv    | Noticed an ice statue
 11339 | IceCv    | Got a glittering garnet amulet
 11358 | IceCv    | Identified the amulet "Wakalum" {rCorr rN++} (You found it in an ice cave)
 11620 | IceCv    | Acquired Dithmenos' second power
 11776 | IceCv    | Reached skill level 13 in Hexes
 11872 | IceCv    | Reached skill level 14 in Hexes
 12127 | IceCv    | Noticed a frost giant
 12127 | IceCv    | Noticed a death yak
 12127 | IceCv    | Noticed a death yak
 12160 | IceCv    | Reached XP level 12. HP: 35/74 MP: 25/25
 12234 | IceCv    | Killed a death yak
 12714 | D:12     | Reached skill level 15 in Hexes
 12730 | D:12     | Hit by a large rock thrown by a cyclops

Action                   |  1- 3 |  4- 6 |  7- 9 | 10-12 || total
-------------------------+-------+-------+-------+-------++-------
Melee: Dagger            |   108 |   202 |   520 |   384 ||  1214
       Unarmed           |     7 |       |       |       ||     7
 Cast: Ensorcelled Hiber |     5 |    21 |    74 |   100 ||   200
       Confuse           |       |     4 |    19 |    53 ||    76
Invok: Shadow Step       |       |       |       |     3 ||     3
 Abil: End Transformatio |     1 |     2 |       |     2 ||     5
       Bat Form          |     1 |     2 |       |     2 ||     5
Evoke: Wand              |       |       |       |    13 ||    13
  Use: Scroll            |     4 |       |     1 |     8 ||    13
       Potion            |     1 |     1 |       |     5 ||     7
 Stab: Sleeping          |    17 |    28 |    62 |    46 ||   153
       Distracted        |       |     2 |     2 |     1 ||     5
       Confused          |       |     1 |    11 |    32 ||    44
       Paralysed         |       |       |     1 |       ||     1
       Fleeing           |       |       |       |     2 ||     2
  Eat: Corpse            |     1 |     8 |    19 |    12 ||    40
